 Dungeon Crawl Stone Soup version 0.30-a0-123-g91d0c66ccf (webtiles) character file.

Game seed: 9739358087948277645

10069 dmks the Destroyer (level 11, -5/54 HPs)
             Began as a Deep Elf Conjurer on Sept 18, 2022.
             Was a Priest of Vehumet.
             Slain by a komodo dragon (28 damage)
             ... on level 1 of the Lair of Beasts.
             The game lasted 00:57:28 (15072 turns).

dmks the Destroyer (Deep Elf Conjurer)             Turns: 15072, Time: 00:57:29

Health: -5/54      AC:  7    Str:  4    XL:     11   Next: 31%
Magic:  18/27      EV: 16    Int: 28    God:    Vehumet [***...]
Gold:   673        SH:  0    Dex: 13    Spells: 17/30 levels left

rFire   . . .      SeeInvis +    (no weapon)
rCold   . . .      Faith    .    (no shield)
rNeg    + . .      Spirit   .    q - +0 steam dragon scales
rPois   .          Reflect  .    B - +1 hat
rElec   .          Harm     +    s - scarf {harm}
rCorr   .          Rampage  .    (no gloves)
Will    +....                    I - +0 pair of boots
Stlth   +++.......               e - amulet of regeneration
HPRegen 0.98/turn                c - ring of positive energy
MPRegen 0.20/turn                z - ring of see invisible

@: no status effects
A: sense surroundings 1, MP-powered wands
a: Renounce Religion


You were on level 1 of the Lair of Beasts.
You worshipped Vehumet.
Vehumet was most pleased with you.
You visited 3 branches of the dungeon, and saw 12 of its levels.

You collected 673 gold pieces.

Inventory:

Hand Weapons
 l - a +1 dagger of venom
   (You took it off a kobold on level 2 of the Dungeon)
Armour
 h - the +2 leather armour "Zirud" {rC+}
   (You found it on level 4 of the Dungeon)

   rC:        It protects you from cold.
 q - +0 steam dragon scales (worn)
   (You found it on level 9 of the Dungeon)
 s - a scarf of harm (worn)
   (You found it on level 3 of the Dungeon)
 B - a +1 hat (worn)
   (You found it on level 6 of the Dungeon)
 D - a +0 leather armour of fire resistance
   (You found it on level 10 of the Dungeon)
 I - a +0 pair of boots (worn)
   (You found it on level 8 of the Dungeon)
 J - a +0 ring mail
   (You found it on level 10 of the Dungeon)
Jewellery
 c - a ring of positive energy (left hand)
   (You found it on level 1 of the Dungeon)
 e - an amulet of regeneration (around neck)
   (You found it on level 2 of the Dungeon)
 f - a ring of resist corrosion
   (You found it on level 8 of the Dungeon)
 p - an amulet of faith {!P}
   (You found it on level 5 of the Dungeon)
 z - a ring of see invisible (right hand)
   (You found it on level 10 of the Dungeon)
 G - an amulet of the acrobat
   (You found it on level 7 of the Dungeon)
 R - a ring of ice
   (You found it on level 10 of the Dungeon)
Wands
 d - a wand of iceblast (9)
   (You found it on level 6 of the Dungeon)
 j - a wand of polymorph (10)
   (You found it on level 5 of the Dungeon)
 k - a wand of mindburst (18)
   (You found it on level 6 of the Dungeon)
 t - a wand of flame (7)
   (You took it off a kobold on level 10 of the Dungeon)
 v - a wand of digging (5)
   (You found it on level 5 of the Dungeon)
 E - a wand of charming (5)
   (You found it on level 7 of the Dungeon)
Scrolls
 g - 3 scrolls of enchant weapon
 r - 2 scrolls of identify {@r1}
 w - a scroll of enchant armour
 x - 2 scrolls of amnesia
 y - a scroll of fear
 A - a scroll of teleportation {@r4}
 C - a scroll of summoning
 K - a scroll of magic mapping
Potions
 a - a potion of invisibility {unknown}
 b - 4 potions of magic
 i - 3 potions of might
 m - 4 potions of flight
 n - 2 potions of berserk rage {unknown}
 o - a potion of resistance
 u - a potion of haste {unknown}
 F - 3 potions of mutation {!q}
 H - 2 potions of ambrosia
 L - a potion of experience {unknown}
 Q - a potion of cancellation {unknown}


   Skills:
 + Level 1.9 Armour
 + Level 9.4 Dodging
 - Level 7.0 Stealth
 + Level 10.4 Spellcasting
 * Level 12.6 Conjurations
 + Level 9.5 Hexes


You had 17 spell levels left.
You knew the following spells:

 Your Spells              Type           Power      Damage    Failure   Level
a - Magic Dart            Conj           100%       1d8       0%          1
b - Dazzling Flash        Conj/Hex       100%       N/A       1%          3
c - Hailstorm             Conj/Ice       50%        3d11      1%          4
d - Tukima's Dance        Hex            61%        N/A       1%          3
s - Searing Ray           Conj           100%       2d8       1%          2

Your spell library contained the following spells:

 Spells                   Type           Power      Damage    Failure   Level
 Sticky Flame             Conj/Fire      50%        2d7       1%          4
 Freeze                   Ice            56%        1d7       1%          1
 Ensorcelled Hibernation  Hex/Ice        82%        N/A       1%          2
 Portal Projectile        Hex/Tloc       82%        N/A       1%          3
 Fulminant Prism          Conj/Hex       33%        3d16      1%          4
 Iskenderun's Mystic Bla  Conj/Tloc      50%        2d11      1%          4
 Beastly Appendage        Tmut           28%        N/A       3%          1
 Frozen Ramparts          Ice            28%        1d5       3%          3
 Anguish                  Hex/Necr       20%        N/A       5%          4
 Cigotuvi's Dreadful Rot  Necr/Pois/Air  28%        N/A       6%          2
 Passwall                 Tmut/Erth      11%        N/A       6%          2
 Wereblood                Tmut           14%        N/A       6%          2
 Spider Form              Tmut/Pois      14%        N/A       12%         3
 Swiftness                Air            14%        N/A       12%         3
 Dispel Undead            Necr           14%        3d10      36%         4
 Enfeeble                 Hex            30%        N/A       54%         7
 Blade Hands              Tmut           7%         N/A       71%         5
 Summon Forest            Summ/Tloc      7%         N/A       71%         5
 Eringya's Noxious Bog    Tmut/Pois      7%         N/A       78%         6
 Death Channel            Necr           7%         N/A       99%         6
 Summon Hydra             Summ           7%         N/A       100%        7


Dungeon Overview and Level Annotations

Branches:
Dungeon (10/15)            Temple (1/1) D:6            Lair (1/5) D:9
    Orc (0/2) D:9

Altars:
Ashenzari
Cheibriados
Dithmenos
Elyvilon
Fedhas
Gozag
Hepliaklqana
Kikubaaqudgha
Makhleb
Nemelex Xobeh
Okawaru
Qazlal
Ru
Sif Muna
Trog
Uskayaw
Vehumet
Wu Jian
Xom
Yredelemnul
Zin
The Shining One

Shops:
D:6 *


Innate Abilities, Weirdness & Mutations

You passively map a small area around you.
You expend magic power (3 MP) to strengthen your wands.


Message History

Unknown command.
(D) Dungeon (T) Temple (L) Lair (O) Orcish Mines
Where to? (Enter - Lair:1, ? - help)
Okay, then.
Unknown command.
(D) Dungeon (T) Temple (L) Lair (O) Orcish Mines
Where to? (Enter - Lair:1, ? - help)
What level of the Lair of Beasts? (default 1, ? - help)
There is a stone staircase leading down here.
You climb downwards.
There is a stone staircase leading up here.
You see here 4 stones.
There is a stone staircase leading down here.
You climb downwards.
There is a stone staircase leading up here.
There is a staircase to the Lair here.
You climb downwards.
Welcome to the Lair of Beasts!
There is a staircase back to the Dungeon here.
Found a ring mail and a scale mail.
A komodo dragon comes into view.
The komodo dragon hisses angrily.
A wolf comes into view.
Aim: a komodo dragon (100% to hit)
The magic dart hits the komodo dragon but does no damage.
The wolf howls!
You hear a howl!
The searing ray hits the komodo dragon. (Press . to maintain the ray.)
The searing ray hits the komodo dragon.
The searing ray hits the wolf.
The komodo dragon misses you.
The searing ray hits the komodo dragon.
The searing ray hits the wolf.
The komodo dragon bites you!!
The searing ray hits the komodo dragon.
The searing ray misses the wolf.
You finish channelling your searing ray.
The komodo dragon completely misses you.
The komodo dragon barely misses you.
The searing ray hits the komodo dragon!
The searing ray hits the wolf. (Press . to maintain the ray.)
The komodo dragon closely misses you.
The searing ray hits the komodo dragon.
The searing ray hits the wolf!
You kill the wolf!
Vehumet accepts your kill. The komodo dragon bites you!
* * * LOW HITPOINT WARNING * * *
The searing ray hits the komodo dragon.
The komodo dragon closely misses you.
The searing ray hits the komodo dragon!
You finish channelling your searing ray.
The komodo dragon completely misses you.
The komodo dragon bites you!!
Ouch! That really hurt!
You die...

, * #.[,
....#####.#.## * ,
##P.###.# #..#*# ,
,.....#..## ###.# ~ ,
#..#...####.#.# * , ,
##............#*
.#####......####P##.#
* ..........## ### ##
~..#.###...## *
~....†l@..## ~
~..P###...# ≈ ##.## ~
#.# * * #.#* .[P *
#P# * , * ### *


You could see a komodo dragon.

Vanquished Creatures
  A two-headed ogre (D:10)
  Pikel (D:6)
  A cyclops (D:9)
  An unseen horror (D:10)
  A komodo dragon (D:9)
  A freezing wraith (D:9)
  11 yaks
  4 wyverns
  A wraith (D:10)
  Eustachio (D:5)
  3 basilisks (D:9)
  2 steam dragons
  3 water moccasins
  3 sky beasts
  2 orc warriors (D:8)
  A black bear (D:7)
  A wolf (Lair:1)
  2 centaurs
  6 kobold brigands
  4 bullfrogs
  6 scorpions
  A necrophage (D:5)
  7 wights
  10 killer bees
  2 howler monkeys
  3 jellies
  4 hounds
  5 orc priests
  4 gnoll boudas
  An iguana (D:6)
  9 orc wizards
  2 ogre zombies (D:5)
  20 gnolls
  7 adders
  A gnoll zombie (D:5)
  2 shadow imps
  2 white imps
  An ufetubus (D:5)
  3 worms
  2 dart slugs
  26 orcs
  7 bats
  4 endoplasms
  8 giant cockroaches
  7 goblins
  5 hobgoblins
  3 jackals (D:3)
  28 kobolds
  4 quokkas
  3 ball pythons
  4 frilled lizards
  6 rats
247 creatures vanquished.

Vanquished Creatures (collateral kills)
  2 orc warriors
  A centaur (D:10)
  5 wights (D:8)
  3 gnolls
  A white imp (D:8)
  3 orcs
  2 kobolds (D:7)
17 creatures vanquished.

Vanquished Creatures (others)
  8 dancing weapons
  8 plants (D:3)
16 creatures vanquished.

Grand Total: 280 creatures vanquished

Notes
Turn   | Place    | Note
-------+----------+-------------------------------------------
     0 | D:1      | dmks the Deep Elf Conjurer began the quest for the Orb.
     0 | D:1      | Reached XP level 1. HP: 10/10 MP: 6/6
   335 | D:1      | Reached XP level 2. HP: 10/15 MP: 4/8
   633 | D:1      | Learned a level 2 spell: Searing Ray
   732 | D:1      | Found a faded altar of an unknown god.
  1183 | D:2      | Reached XP level 3. HP: 19/19 MP: 6/9
  1207 | D:2      | Found an opulent altar of Gozag.
  1709 | D:2      | Reached skill level 5 in Conjurations
  1710 | D:2      | Reached XP level 4. HP: 2/24 MP: 2/11
  1973 | D:2      | Learned a level 3 spell: Dazzling Flash
  2572 | D:3      | Found a large runed translucent door.
  2573 | D:3      | Found a large runed translucent door.
  2835 | D:3      | Found a hazy altar of Hepliaklqana.
  3230 | D:3      | Reached XP level 5. HP: 28/28 MP: 10/13
  3320 | D:3      | Reached skill level 1 in Hexes
  3769 | D:3      | Found a sacrificial altar of Ru.
  3775 | D:3      | Found a bloodstained altar of Trog.
  3924 | D:4      | Identified the +2 leather armour "Zirud" {rC+}
  4212 | D:4      | You fall into a shaft and drop 2 floors!
  4349 | D:6      | Reached skill level 6 in Conjurations
  4349 | D:6      | Reached XP level 6. HP: 32/32 MP: 10/14
  4446 | D:6      | Found Laep's Luxury Loot.
  4769 | D:6      | Reached skill level 5 in Spellcasting
  4769 | D:6      | Reached XP level 7. HP: 36/36 MP: 11/16
  4826 | D:5      | Entered Level 5 of the Dungeon
  5074 | D:5      | Found a transporter.
  5161 | D:5      | Found a transporter.
  5193 | D:5      | Reached skill level 5 in Stealth
  5199 | D:5      | Gained mutation: You expend magic power (3 MP) to
                  | strengthen your wands. [potion of mutation]
  5199 | D:5      | Gained mutation: You passively map a small area around you.
                  | [potion of mutation]
  5420 | D:5      | Reached skill level 7 in Conjurations
  5462 | D:5      | Noticed Eustachio
  5476 | D:5      | Killed Eustachio
  5477 | D:5      | Reached skill level 5 in Dodging
  5667 | D:5      | Reached XP level 8. HP: 5/41 MP: 12/18
  5909 | D:5      | Learned a level 3 spell: Tukima's Dance
  6397 | D:6      | Reached skill level 8 in Conjurations
  6706 | D:6      | Found a white marble altar of Elyvilon.
  6707 | D:6      | Found a sparkling altar of Nemelex Xobeh.
  6776 | D:6      | Reached skill level 5 in Hexes
  6917 | D:6      | Found a staircase to the Ecumenical Temple.
  6926 | Temple   | Entered the Ecumenical Temple
  7228 | Temple   | Became a worshipper of Vehumet
  7387 | D:7      | Noticed Pikel
  7403 | D:6      | Killed Pikel
  7404 | D:6      | Reached XP level 9. HP: 41/45 MP: 5/21
  7547 | D:7      | Reached skill level 9 in Conjurations
  9132 | D:8      | Reached * piety under Vehumet
  9132 | D:8      | Offered knowledge of Foxfire by Vehumet.
  9137 | D:8      | Reached skill level 10 in Conjurations
 10190 | D:8      | Reached XP level 10. HP: 45/50 MP: 7/24
 10743 | D:8      | Learned a level 4 spell: Hailstorm
 10830 | D:9      | Reached skill level 11 in Conjurations
 10947 | D:9      | Noticed a cyclops
 11037 | D:9      | Reached ** piety under Vehumet
 11097 | D:9      | Found a staircase to the Orcish Mines.
 11131 | D:9      | HP: 2/50 [freezing wraith (4)]
 11133 | D:9      | Offered knowledge of Sandblast by Vehumet.
 11862 | D:9      | HP: 2/75 [basilisk (8)]
 12214 | D:9      | Killed a cyclops
 12214 | D:9      | Offered knowledge of Mephitic Cloud by Vehumet.
 12569 | D:9      | Reached skill level 12 in Conjurations
 12576 | D:9      | Reached skill level 10 in Spellcasting
 12583 | D:9      | Reached *** piety under Vehumet
 12584 | D:9      | Reached skill level 1 in Armour
 12584 | D:9      | Reached XP level 11. HP: 34/54 MP: 14/27
 12751 | D:9      | Found a staircase to the Lair.
 13187 | D:10     | Entered Level 10 of the Dungeon
 13296 | D:10     | Noticed a two-headed ogre
 13312 | D:10     | Killed a two-headed ogre
 14040 | D:10     | Offered knowledge of Sticky Flame by Vehumet.
 15043 | Lair:1   | Entered Level 1 of the Lair of Beasts
 15072 | Lair:1   | Slain by a komodo dragon

Illustrated notes

Levels and vault maps discovered:
D:1:      nzn_arrival_depleted_hourglass, layout_rooms,
          hellmonk_ecumenical_altar_inner_sanctum
D:2:      layout_loops_ring, basic_altar
D:3:      layout_loops_corners, nicolae_overflow_hidden_temple,
          jmf_multi_god_temple2, serial_bayou_lagoon_a
D:4:      layout_cave_pools
D:5:      gammafunk_cloud_chamber, layout_loops_ring, minivault_19,
          hangedman_abyss_or_decor_jellyfish_corner, uniq_eustachio
D:6:      layout_basic, gammafunk_temple_overflow_statue,
          minmay_temple_entry_enclosed_plants, nicolae_alphabet_shops,
          kennysheep_cross_room
D:7:      layout_basic, uniq_pikel
D:8:      layout_loops_ring, enter_bailey_6
D:9:      layout_loops_ring, erik_lair_dragon
D:10:     layout_basic
Temple:   minmay_temple_bridge_d
Lair:1:   layout_loops_ring, ebering_ghost_rock_garden, hibernation_bobbens,
          infiniplex_staircase_pool

Skill      XL: |  1  2  3  4  5  6  7  8  9 10 |
---------------+-------------------------------+-----
Stealth        | 3 4 5 6 7 |  7.0
Dodging        | 3 4 5 6 7 9 |  9.4
Conjurations   | 5 6 7 8 10 12 | 12.6
Spellcasting   | 4 5 7 8 10 | 10.4
Hexes          | 1 2 4 5 7 9 |  9.5
Armour         | 1 |  1.9

Action                   |  1- 3 |  4- 6 |  7- 9 | 10-12 || total
-------------------------+-------+-------+-------+-------++-------
 Cast: Magic Dart        |    33 |   121 |   127 |    86 ||   367
       Searing Ray       |     8 |    16 |    43 |    56 ||   123
       Dazzling Flash    |       |     1 |     2 |     2 ||     5
       Tukima's Dance    |       |       |    24 |    12 ||    36
       Hailstorm         |       |       |       |     2 ||     2
  Use: Scroll            |       |     4 |     7 |     4 ||    15
       Potion            |       |     1 |     7 |     5 ||    13
Armor: Robe              |     2 |     2 |       |       ||     4
       Leather armour    |       |     3 |    22 |    11 ||    36
       Steam dragon scal |       |       |       |    11 ||    11
       Skin              |       |       |       |     2 ||     2
Dodge: Dodged            |     5 |    29 |    67 |   123 ||   224

Table legend: (Time is in decaauts)
 A = Elapsed time spent in this place.
 B = Non-inter-level travel time spent in this place.
 C = Inter-level travel time spent in this place.
 D = Time resting spent in this place.
 E = Time spent auto-exploring this place.
 F = Levels seen in this place.
 G = Mean time per level.
                   A        B        C        D        E       F      G
               +--------+--------+--------+--------+--------+-----+--------+
         Total |  15101 |  13909 |   1192 |   3212 |   7751 |  12 | 1258.4 |
       Dungeon |  14701 |  13647 |   1054 |   3212 |   7539 |  10 | 1470.1 |
        Temple |    371 |    234 |    137 |      0 |    212 |   1 |  371.0 |
          Lair |     28 |     28 |      0 |      0 |      0 |   1 |   28.0 |
               +--------+--------+--------+--------+--------+-----+--------+

Top non-repeatable levels by time:
     D:9: 2452 daAuts
     D:7: 1918 daAuts
     D:6: 1580 daAuts
     D:8: 1559 daAuts
     D:3: 1535 daAuts
     D:5: 1475 daAuts
     D:2: 1443 daAuts
    D:10: 1246 daAuts
     D:1: 1102 daAuts
     D:4: 387 daAuts
  Temple: 371 daAuts
  Lair:1: 28 daAuts
